Map: 10000 Feet LE

Players

Indy - Winner!

  • Race: Terran Terran
  • Spawn Location: 5:00

A.I. 1 (Harder)

  • Race: Zerg Zerg
  • Spawn Location: 11:00

VOD

Have the link to the VOD?

Description

Time

  • Played on: Feb. 28, 2026, 2:05 p.m.
  • Length: 5:03
Show
View Real Time Build Order
Export as new Build Order

Indy Terran - Winner!

Build Orders: Hellion Opening 

Get SALT Encoding   

  12  0:00  SCV  
  13  0:12  SCV  
  14  0:17  Supply Depot  
  14  0:24  SCV  
  15  0:30  Refinery  
  15  0:43  Barracks  
  15  0:46  SCV  
  16  0:56  Refinery  
  16  0:59  SCV  
  17  1:11  SCV  
  18  1:23  SCV  
  19  1:31  Factory  
  19  1:38  Barracks Reactor  
  19  1:39  Orbital Command  
  19  1:47  Supply Depot  
  19  1:57  Supply Depot  
  19  2:15  Ghost Academy  
  19  2:21  Hellion x2  
  23  2:23  Barracks Tech Lab  
  23  2:42  Hellion  
  23  2:43  Hellion  
  27  2:45  Armory  
  29  3:03  Hellion  
  33  3:05  Hellion  
  33  3:13  Supply Depot  
  33  3:22  Unknown  
  33  3:25  Hellion  
  37  3:27  Hellion  
  39  3:46  Hellion  
  43  3:48  Hellion  
  41  4:08  Hellion  
  41  4:09  Unknown  
  43  4:10  Hellion  
  43  4:12  Supply Depot  
  45  4:38  SCV  
  46  4:43  Command Center  
  46  4:47  Starport  
  46  4:55  Unknown  
Show
View Real Time Build Order
Export as new Build Order

A.I. 1 (Harder) Zerg 

Build Orders: Hatch First 

Get SALT Encoding   

  12  0:00  Drone  
  13  0:12  Overlord  
  13  0:16  Drone  
  14  0:30  Drone x2  
  14  0:34  Drone  
  17  0:54  Hatchery, Drone  
  17  1:07  Spawning Pool  
  17  1:09  Drone  
  17  1:13  Drone  
  17  1:16  Extractor  
  17  1:18  Drone  
  18  1:27  Overlord  
  18  1:38  Drone  
  19  1:54  Queen  
  19  1:56  Zergling x2  
  19  1:59  Zergling x2  
  23  2:01  Roach Warren  
  23  2:05  Drone  
  23  2:07  Extractor  
  22  2:10  Drone  
  23  2:22  Lair  
  23  2:41  Roach  
  23  2:42  Extractor  
  24  2:45  Extractor  
  24  2:46  Drone  
  24  2:50  Drone  
  25  2:52  Drone  
  25  2:57  Zergling x2  
  27  3:17  Drone, Overlord  
  28  3:23  Hydralisk Den  
  28  3:27  Baneling Nest, Drone  
  27  3:38  Drone, Zergling x2  
  27  3:39  Zergling x2  
  27  3:43  Queen  
  27  3:47  Zergling x4  
  31  3:49  Roach  
  31  3:53  Zergling x2  
  30  4:00  Drone  
  25  4:03  Drone  
  19  4:13  Drone  
  16  4:20  Drone  
  13  4:29  Drone  
  7  4:40  Drone  
Tags
 
Add a new tag
Caveats
  • Supply blocks, unpowered buildings, or Contaminate may cause inaccurate times.
  • Supply counts are checked every 10 seconds.